 Dungeon Crawl Stone Soup version 0.16.1-17-g773cdaf (console) character file.

649 schistosomatic the Ruffian (level 7, -1/59 HPs)
             Began as a Troll Wizard on Apr 23, 2015.
             Was a Follower of Ru.
             Slain by an orc
             ... wielding a cursed -1 flail
              (7 damage)
             ... on level 5 of the Dungeon.
             The game lasted 00:08:00 (3606 turns).

schistosomatic the Ruffian (Troll Wizard)           Turns: 3606, Time: 00:08:00

Health: -1/59      AC:  4    Str: 25    XL:     7   Next: 28%
Magic:  8/8        EV:  9    Int: 16    God:    Ru [*.....]
Gold:   263        SH:  0    Dex: 10    Spells: 3 memorised, 5 levels left

rFire  . . .     SeeInvis .       - Unarmed
rCold  + . .     Clarity  .     a - +0 robe
rNeg   + . .     SustAb   .     (shield restricted)
rPois  .         Gourm    +     b - +0 hat
rElec  +         Spirit   .     (no cloak)
rCorr  .         Warding  +     (gloves unavailable)
rMut   .         Stasis   .     (boots unavailable)
MR     .....                    l - amulet of warding
Stlth  +.........               (no ring)
                                h - ring of protection from cold

@: mighty, lethally poisoned (-1 -> -4), corroded equipment, no scrolls, not
resistant to hostile enchantments, very unstealthy
A: unfitting armour, claws 3, talons 1, iridescent scales 1, blurry vision 1,
clever 1, fast metabolism 3, gourmand, regeneration 2, shaggy fur 1, electricity
resistance, strong 2, tough skin 2, inability to read while threatened
a: Renounce Religion


You were on level 5 of the Dungeon.
You worshipped Ru.
Ru was aware of your devotion.
You were full.

You visited 1 branch of the dungeon, and saw 5 of its levels.

You collected 263 gold pieces.

Inventory:

Armour
 a - a +0 robe (worn)
 b - a +0 hat (worn)
Jewellery
 h - a ring of protection from cold (left claw)
 l - an amulet of warding (around neck)
 m - an uncursed amulet of resist mutation
 n - a +4 ring of dexterity {unknown}
Scrolls
 g - a scroll of enchant weapon {unknown}
 i - 3 scrolls of identify
 j - 2 scrolls of fog {unknown}
 k - 2 scrolls of remove curse {unknown}
 s - a scroll of magic mapping {unknown}
 x - 2 scrolls of fear {unknown}
 y - a scroll of random uselessness {unknown}
Potions
 e - a potion of resistance
 f - a potion of heal wounds
 o - 3 potions of curing
 r - a potion of berserk rage {unknown}
 t - a potion of lignification {unknown}
 v - a potion of flight {unknown}
 w - a potion of beneficial mutation {unknown}
Books
 c - a book of Minor Magic

   Spells                             Type                      Level
   a - Magic Dart                     Conjuration                  1
   b - Blink                          Translocation                2
   c - Call Imp                       Summoning                    2
   d - Repel Missiles                 Charms/Air                   2
   e - Slow                           Hexes                        2
   f - Conjure Flame                  Conjuration/Fire             3
   g - Mephitic Cloud                 Conjuration/Poison/Air       3
Comestibles
 d - 4 meat rations
 q - 3 bread rations
 u - 3 fruits


   Skills:
 - Level 1.5 Dodging
 - Level 1.1 Stealth
 + Level 7.9 Unarmed Combat
 - Level 2.0 Spellcasting
 - Level 0.6 Conjurations
   Level 0.6 Summonings
 - Level 0.6 Translocations


You had 5 spell levels left.
You knew the following spells:

 Your Spells              Type           Power        Failure   Level  Hunger
a - Magic Dart            Conj           #...         17%         1    #......
b - Blink                 Tloc           N/A          24%         2    ###....
c - Repel Missiles        Chrm/Air       #.....       30%         2    ###....


Dungeon Overview and Level Annotations

Branches:
Dungeon (5/15)
 Temple: D:4-7

Altars:
Cheibriados
Fedhas
Gozag
Kikubaaqudgha
Qazlal
Ru
Trog


Innate Abilities, Weirdness & Mutations

You are too large for most types of armour.
You have claws for hands.
Your metabolism is lightning-fast.
You like to eat raw meat.
You heal very quickly.
You are covered in fur (AC +1).
You have very tough skin (AC +2).
You cannot read scrolls while threatened.
You have sharp toenails.
You are partially covered in iridescent scales (AC +4).
Scrolls take you a little longer to read.
Your mind is acute. (Int +2)
You are resistant to electric shocks.
Your muscles are very strong. (Str +4)


Message History

The orc is stunned by your will and fails to attack.
You claw the centaur skeleton!
You destroy the centaur skeleton!
The adder bites you.
* * * LOW HITPOINT WARNING * * *
You are more poisoned.
The adder poisons you! The orc hits you but does no damage.
The orc barely misses you. The orc hits you with a dagger.
* * * LOW HITPOINT WARNING * * *
You feel sick.
The water moccasin zombie bites you but does no damage.
The adder bites you.
* * * LOW HITPOINT WARNING * * *
The orc barely misses you.
You redirect the water moccasin zombie's attack!
The water moccasin zombie barely misses itself.
The orc hits you with a dagger.
* * * LOW HITPOINT WARNING * * *
The adder barely misses you. The orc hits you with a flail!
You die... ∙▒▒ ▒▒▒▒▒▒▒ ∙∙∙∙

▒▒∙∙∙o∙▒▒
▒▒▒∙∙▒▒▒∙∙∙∙∙@o▒
∙∙∙∙∙∙∙∙∙∙[∙∙ZoS▒
▒▒▒∙∙∙∙((∙((∙∙▒▒
▒▒▒▒∙∙∙▒▒▒▒▒▒
∙∙∙∙∙∙▒▒ ▒▒▒∙∙▒▒
▒∙∙∙ ∙∙∙▒∙ ▒▒∙∙∙


You could see an adder, 3 orcs and a water moccasin zombie.

Vanquished Creatures
  The ghost of jacksonaction the Changer, an experienced OpTm (D:4)
  A hound (D:4)
  2 jellies
  A centaur skeleton (D:5)
  4 orc wizards
  An iguana (D:4)
  A hound skeleton (D:4)
  6 adders
  3 worms
  3 giant geckos
  8 orcs
  9 bats
  4 giant cockroaches
  6 goblins
  6 hobgoblins
  2 jackals (D:2)
  17 kobolds
  3 quokkas (D:3)
  A ball python (D:3)
  A giant newt (D:1)
  6 rats
86 creatures vanquished.

Notes
Turn   | Place    | Note
--------------------------------------------------------------
     0 | D:1      | schistosomatic, the Troll Wizard, began the quest for the Orb.
     0 | D:1      | Reached XP level 1. HP: 16/16 MP: 3/3
    85 | D:1      | Reached skill level 1 in Unarmed Combat
   183 | D:1      | Reached XP level 2. HP: 22/24 MP: 3/3
   665 | D:2      | Reached XP level 3. HP: 31/31 MP: 5/5
   683 | D:2      | Reached skill level 3 in Unarmed Combat
   749 | D:2      | Found an ancient bone altar of Kikubaaqudgha.
   750 | D:2      | Found a snail-covered altar of Cheibriados.
   753 | D:2      | Found a bloodstained altar of Trog.
   758 | D:2      | Found a blossoming altar of Fedhas.
   845 | D:2      | Found a sacrificial altar of Ru.
   848 | D:2      | Found an opulent altar of Gozag.
   857 | D:2      | Found a stormy altar of Qazlal.
   880 | D:2      | Became a worshipper of Ru the Awakened
  1049 | D:2      | Learned a level 2 spell: Blink
  1052 | D:2      | Learned a level 2 spell: Repel Missiles
  1367 | D:2      | Found a blossoming altar of Fedhas.
  1511 | D:3      | Reached XP level 4. HP: 28/39 MP: 5/5
  1633 | D:3      | Reached skill level 4 in Unarmed Combat
  2357 | D:4      | Noticed jacksonaction's ghost (experienced OpTm)
  2381 | D:3      | Gained mutation: You cannot read scrolls while threatened. [Ru sacrifice]
  2381 | D:3      | Acquired Ru's first power
  2451 | D:4      | Reached XP level 5. HP: 25/45 MP: 6/6
  2536 | D:4      | Killed jacksonaction's ghost
  2536 | D:4      | Reached skill level 6 in Unarmed Combat
  2536 | D:4      | Reached XP level 6. HP: 29/53 MP: 7/7
  2684 | D:4      | Reached skill level 7 in Unarmed Combat
  3112 | D:4      | Reached XP level 7. HP: 56/59 MP: 8/8
  3287 | D:5      | Entered Level 5 of the Dungeon
  3588 | D:4      | Gained mutation: You are resistant to hostile enchantments. [potion of mutation]
  3588 | D:4      | Gained mutation: You are resistant to electric shocks. [potion of mutation]
  3588 | D:4      | Lost mutation: You are resistant to hostile enchantments. [potion of mutation]
  3589 | D:4      | Gained mutation: Your muscles are strong. (Str +2) [potion of mutation]
  3589 | D:4      | Gained mutation: Your mind is acute. (Int +2) [potion of mutation]
  3589 | D:4      | Gained mutation: Your muscles are very strong. (Str +4) [potion of mutation]
  3590 | D:4      | Gained mutation: You have sharp toenails. [potion of mutation]
  3590 | D:4      | Gained mutation: You are partially covered in iridescent scales (AC +4). [potion of mutation]
  3590 | D:4      | Gained mutation: Scrolls take you a little longer to read. [potion of mutation]
  3593 | D:4      | nice.
  3606 | D:5      | Slain by an orc

Action                   |  1- 3 |  4- 6 |  7- 9 || total
-------------------------+-------+-------+-------++-------
Melee: Unarmed           |   118 |   179 |    43 ||   340
 Cast: Repel Missiles    |     1 |       |       ||     1
Invok: Sacrifice Words   |       |     1 |       ||     1
  Use: Potion            |       |     2 |     5 ||     7
       Scroll            |       |       |     1 ||     1
  Eat: Chunk             |    12 |    18 |     6 ||    36
